 Dungeon Sprint DCSS version 0.31-a0-716-gc7603755dd (webtiles) character file.

Game seed: 6207705565747755050

38544 rocky1 the Warrior (level 14, -1/124 HPs)
             Began as a Djinni Gladiator on Sept 11, 2023.
             Was an Initiate of Gozag.
             Engulfed by a cloud of spectral mist (3 damage)
             ... in the Dungeon (Sprint IX: "|||||||||||||||||||||||||||||").
             The game lasted 00:18:06 (5558 turns).

rocky1 the Warrior (Djinni Gladiator)               Turns: 5558, Time: 00:18:07

Health: -1/124     AC: 21    Str: 13    XL:     14   Next: 34%
Gold:   4056       EV: 23    Int: 13    God:    Gozag SH: 16 Dex: 21

rFire   + + .        l - +2 scimitar (flame)
rCold   . . .        s - +1 kite shield of Awe {rElec Int+3 Dex-3}
rNeg    . . .        P - +3 scale mail
rPois   ∞            v - +2 hat {Stlth+}
rElec   +            m - +2 cloak
rCorr   .            g - +2 pair of gloves
SInv    .            (boots unavailable)
Will    +....        (no amulet)
Stlth   +++          C - ring of protection from cold
HPRegen 0.40/turn    d - ring of Jeapry {Fly EV+5 Dex+4}
MPRegen 0.00/turn

%: no teleportation, infuse magic (-2 HP)
@: gold aura, flying
A: sickness immunity, fire resistance 2, cold vulnerability 1, float, innate
caster, HP casting, extra vitality 1
a: Renounce Religion, Potion Petition, Call Merchant, Bribe Branch


You were in the Dungeon.
You worshipped Gozag.
Gozag was most pleased with you.
You visited 1 branch You collected 11127 gold pieces.
You spent 2933 gold pieces at shops.
You paid 4138 gold pieces to Gozag.

Inventory:

Hand Weapons
 a - a +0 long sword
 l - a +2 scimitar of flaming (weapon)
 x - a +4 heavy great sword
 B - the +1 great sword of Upheaval {speed, rN+ Int+3}
   (You bought it in a shop in the Dungeon)

   Int+3:     It affects your intelligence (+3).
   rN+:       It protects you from negative energy.
 J - the +7 Spriggan's Knife {stab, EV+4 Stlth+}
   (You found it in the Dungeon)

   Stab:      It is more effective when stabbing unaware enemies, sometimes
   treating them as though they were completely helpless.
   EV+4:      It affects your evasion (+4).
   Stlth+:    It makes you more stealthy.
Missiles
 e - 5 javelins
 q - 15 poisoned darts
 F - 3 atropa-tipped darts
Armour
 b - a +0 leather armour
 c - a +0 helmet
 g - a +2 pair of gloves (worn)
 m - a +2 cloak (worn)
 n - a +2 ring mail
 s - the +1 kite shield of Awe (worn) {rElec Int+3 Dex-3}
   (You found it in the Dungeon)

   Int+3:     It affects your intelligence (+3).
   Dex-3:     It affects your dexterity (-3).
   rElec:     It insulates you from electricity.
 v - a +2 hat of stealth (worn)
 K - the +1 robe "Foidwaf" {Rampage rC+++ MP-9 Stlth-}
   (You found it in the Dungeon)

   rC+++:     It renders you almost immune to cold.
   MP-9:      It affects your magic capacity (-9).
   Rampage:   It bestows one free step when moving towards enemies.
   Stlth-:    It makes you less stealthy.
 L - a +1 tower shield
 P - a +3 scale mail (worn)
Jewellery
 d - the ring of Jeapry (right hand) {Fly EV+5 Dex+4}
   (You acquired it in the Dungeon)

   [ring of evasion]

   EV+5:      It affects your evasion (+5).
   Dex+4:     It affects your dexterity (+4).
   Fly:       It grants you flight.
 o - a +3 ring of strength
 p - a +3 ring of intelligence
 C - a ring of protection from cold (left hand)
 E - a ring of protection from cold
 G - a ring of see invisible
 H - a ring of fire
 I - a ring of ice
Wands
 j - a wand of paralysis (6)
 k - a wand of iceblast (10)
 w - a wand of polymorph (7)
 y - a wand of digging (3)
Scrolls
 r - 4 scrolls of enchant weapon
 t - 3 scrolls of enchant armour
 u - a scroll of fear
 D - 2 scrolls of revelation
 O - 2 scrolls of identify
Potions
 f - 2 potions of curing
 h - 3 potions of brilliance
 z - a potion of mutation
 A - a potion of ambrosia
 M - 3 potions of heal wounds
 N - 2 potions of might


   Skills:
 * Level 19.9 Fighting
 + Level 19.2 Long Blades
 + Level 4.0 Throwing
 + Level 11.7 Armour
 + Level 15.6 Dodging
 + Level 3.9 Stealth
 + Level 16.0 Shields


You knew the following spells:

 Your Spells              Type           Power      Damage    Failure   Level
a - Slow                  Hex            0%         N/A       88%         1
b - Momentum Strike       Conj/Tloc      0%         3d8       95%         2
c - Ignite Poison         Fire/Tmut/Pois 0%         N/A       99%         3
d - Fulminant Prism       Conj/Hex       0%         3d5       100%        4
e - Cause Fear            Hex            0%         N/A       100%        4
f - Silence               Hex/Air        0%         N/A       100%        5
Your spell library was empty.


Dungeon Overview and Level Annotations

Branches:
Dungeon (1/1)

Altars:
Cheibriados
Dithmenos
Elyvilon
Fedhas
Gozag
Hepliaklqana
Makhleb
Nemelex Xobeh
Okawaru
Qazlal
Ru
Trog
Uskayaw
Wu Jian
Xom
Yredelemnul
Zin
The Shining One
Jiyva
Lugonu

Shops:
D (**?(


Innate Abilities, Weirdness & Mutations

You are immune to sickness and miasma.
You are immune to poison.
Your flesh is very heat resistant. (rF++)
You are vulnerable to cold. (rC-)
You float through the air rather than walking.
You learn spells naturally, not from books.
Your magical power is your life essence.
You have superior vitality. (+4 MHP)


Message History

The bunyip is almost dead.
You slash the bunyip! You burn the bunyip.
You kill the bunyip!
The ghost crab breathes spectral mist at you.
The spectral mist engulfs you but does no damage.
Unknown command.
You are engulfed in spectral mist.
* * * LOW HITPOINT WARNING * * *
The ghost crab misses you. You block the ghost crab's attack.
You see here 180 gold pieces.
You slice the ghost crab!! You burn the ghost crab!
The ghost crab is heavily damaged.
You are engulfed in spectral mist.
The ghost crab barely misses you. You block the ghost crab's attack.
You slash the ghost crab! You burn the ghost crab.
The ghost crab is severely damaged.
You are engulfed in spectral mist.
* * * LOW HITPOINT WARNING * * *
You block the ghost crab's attack. The ghost crab closely misses you.
You hit the ghost crab but do no damage.
The ghost crab is severely damaged.
You are engulfed in spectral mist.
You hit the ghost crab but do no damage.
The ghost crab is severely damaged.
You are engulfed in spectral mist.
The ghost crab bites you but does no damage.
You block the ghost crab's attack.
The spectral adder completely misses you.
You slice the ghost crab!! You burn the ghost crab.
You destroy the ghost crab!
The spectral adder fades away!
The spectral anaconda fades away!
The spectral bat fades away!
You are engulfed in spectral mist.
Your Shields skill increases to level 16!
Unknown command.
You are engulfed in spectral mist.
* * * LOW HITPOINT WARNING * * *
You see here 432 gold pieces.
You are engulfed in spectral mist.
You die...
Your body crumbles into a pile of gold.

_▓.▓.▓.▓)▓.▓.▓.▓.▓
_▓.▓.▓.▓)▓.▓.▓.▓'▓
_▓.▓.▓.▓.▓.▓.▓.▓○▓
_▓.▓.▓)▓)▓.▓.▓.▓)▓
_▓.▓.▓.▓)▓.▓.▓.▓°▓
_▓.▓.▓.▓[▓.▓.▓.▓°▓
_▓.▓.▓.▓'▓.▓.▓.▓°▓
'▓.▓'▓.▓)▓)▓.▓.▓○▓
!▓.▓.▓.▓.▓.▓'▓.▓@▓
?▓.▓.▓.▓)▓.▓(▓.▓○▓
)▓.▓.▓.▓)▓.▓)▓.▓°▓
.▓.▓.▓.▓.▓.▓[▓.♣$♣
[▓.▓.▓.▓∩▓.▓.▓.♣(♣
.▓.▓.▓.▓)▓.▓.▓.♣.♣
.▓.▓.▓.▓∩▓.▓.▓.♣.♣
.▓.▓.▓.▓.▓.▓.▓.♣.♣
.▓.▓.▓.▓∩▓.▓.▓.♣.♣


There were no monsters in sight!

Vanquished Creatures
  A lich (D)
  Agnes (D)
  Gastronok (D)
  3 bunyips (D)
  2 entropy weavers (D)
  A merfolk avatar (D)
  3 hydras (D)
  A ghost crab (D)
  2 boulder beetles (D)
  A vampire mage (D)
  A deep troll shaman (D)
  2 death yaks (D)
  A naga sharpshooter (D)
  A pharaoh ant (D)
  A spriggan druid (D)
  A swamp dragon (D)
  An orb spider (D)
  2 sea snakes (D)
  4 orc knights (D)
  2 wizards (D)
  A steelbarb worm (D)
  2 ugly things (D)
  10 orc sorcerers (D)
  2 mana vipers (D)
  A moth of wrath (D)
  Maurice (D)
  A manticore (D)
  5 black mambas (D)
  Joseph (D)
  2 cyclopes (D)
  An elephant (D)
  2 naga magi (D)
  4 cane toads (D)
  Psyche (D)
  A tengu conjurer (D)
  4 komodo dragons (D)
  A freezing wraith (D)
  3 merfolk (D)
  2 wind drakes (D)
  4 polar bears (D)
  A jumping spider (D)
  2 spriggans (shapeshifter) (D)
  3 yaks (D)
  A water elemental (D)
  2 basilisks (D)
  3 redbacks (D)
  A naga (D)
  3 water moccasins (D)
  12 orc warriors (D)
  An ice beast (D)
  4 black bears (D)
  A wolf (D)
  2 centaurs (D)
  2 kobold brigands (D)
  A killer bee (D)
  2 orc priests (D)
  A hound (D)
  A sleepcap (D)
  10 orc wizards (D)
  An adder simulacrum (D)
  2 orcs (D)
  A giant cockroach (D)
  A hobgoblin (D)
  A quokka (D)
  A kobold (D)
  A rat (D)
142 creatures vanquished.

Vanquished Creatures (others)
  A bloated husk (D)
1 creature vanquished.

Grand Total: 143 creatures vanquished

Notes
Turn   | Place    | Note
-------+----------+-------------------------------------------
     0 | D        | rocky1 the Djinni Gladiator began the quest for the Orb.
     0 | D        | Reached XP level 1. HP: 18/18 MP: 0/0
   132 | D        | Noticed a hound
   132 | D        | Noticed a sleepcap
   132 | D        | Noticed a centaur
   132 | D        | Noticed an ice beast
   138 | D        | Killed a hound
   139 | D        | Reached skill level 5 in Dodging
   139 | D        | Reached XP level 2. HP: 16/24 MP: 0/0
   139 | D        | Reached XP level 3. HP: 20/29 MP: 0/0
   139 | D        | Learned a level 1 spell: Slow
   144 | D        | Killed a centaur
   145 | D        | Reached skill level 1 in Armour
   145 | D        | Reached XP level 4. HP: 37/37 MP: 0/0
   145 | D        | Reached XP level 5. HP: 41/41 MP: 0/0
   145 | D        | Learned a level 2 spell: Momentum Strike
   150 | D        | Killed an ice beast
   151 | D        | Reached XP level 6. HP: 48/48 MP: 0/0
   187 | D        | Found a snail-covered altar of Cheibriados.
   187 | D        | Found a shadowy altar of Dithmenos.
   187 | D        | Found a white marble altar of Elyvilon.
   187 | D        | Found a blossoming altar of Fedhas.
   187 | D        | Found an opulent altar of Gozag.
   188 | D        | Found a hazy altar of Hepliaklqana.
   189 | D        | Found a viscous altar of Jiyva.
   191 | D        | Found a corrupted altar of Lugonu.
   192 | D        | Found a burning altar of Makhleb.
   193 | D        | Found a sparkling altar of Nemelex Xobeh.
   194 | D        | Found an iron altar of Okawaru.
   195 | D        | Found a stormy altar of Qazlal.
   196 | D        | Found a sacrificial altar of Ru.
   198 | D        | Found a bloodstained altar of Trog.
   199 | D        | Found a hide-covered altar of Uskayaw.
   205 | D        | Became a worshipper of Gozag Ym Sagoz the Greedy
   212 | D        | Found an ornate altar of the Wu Jian Council.
   213 | D        | Found a shimmering altar of Xom.
   214 | D        | Found a basalt altar of Yredelemnul.
   215 | D        | Found a glowing silver altar of Zin.
   216 | D        | Found a glowing golden altar of the Shining One.
   265 | D        | Noticed a yak
   265 | D        | Noticed a yak
   273 | D        | Killed a yak
   274 | D        | Reached skill level 5 in Fighting
   274 | D        | Reached XP level 7. HP: 42/54 MP: 0/0
   274 | D        | Learned a level 3 spell: Ignite Poison
   287 | D        | Killed a yak
   288 | D        | Reached skill level 10 in Long Blades
   288 | D        | Reached skill level 10 in Dodging
   298 | D        | Reached XP level 8. HP: 23/62 MP: 0/0
   433 | D        | Noticed a human
   433 | D        | Noticed a basilisk
   433 | D        | Noticed a boulder beetle
   433 | D        | Noticed a boulder beetle
   437 | D        | a human changed into a meliai
   437 | D        | Noticed a meliai (shapeshifter)
   450 | D        | a meliai changed into a spriggan
   450 | D        | Noticed a spriggan (shapeshifter)
   467 | D        | Killed a boulder beetle
   468 | D        | Reached skill level 5 in Armour
   482 | D        | Killed a boulder beetle
   483 | D        | Reached XP level 9. HP: 53/70 MP: 0/0
   483 | D        | Learned a level 4 spell: Fulminant Prism
   802 | D        | Got the +1 kite shield of Awe {rElec Int+3 Dex-3}
   818 | D        | Noticed a black mamba
   818 | D        | Noticed a cane toad
   818 | D        | Noticed a komodo dragon
   818 | D        | Noticed a cane toad
   822 | D        | Killed a black mamba
   823 | D        | Reached skill level 1 in Shields
   828 | D        | Killed a cane toad
   828 | D        | Noticed an elephant
   836 | D        | Killed a komodo dragon
   837 | D        | Reached XP level 10. HP: 35/78 MP: 0/0
   859 | D        | Killed a cane toad
   869 | D        | Killed an elephant
  1404 | D        | Noticed a cane toad
  1404 | D        | Noticed a death yak
  1404 | D        | Noticed a death yak
  1404 | D        | Noticed a cane toad
  1404 | D        | Noticed a komodo dragon
  1407 | D        | Reached skill level 10 in Fighting
  1631 | D        | Killed a komodo dragon
  1636 | D        | Noticed a black mamba
  1637 | D        | Killed a cane toad
  1638 | D        | Reached skill level 15 in Long Blades
  1647 | D        | Killed a death yak
  1648 | D        | Reached skill level 5 in Shields
  1651 | D        | Killed a death yak
  1652 | D        | Reached XP level 11. HP: 65/87 MP: 0/0
  1652 | D        | Learned a level 4 spell: Cause Fear
  1674 | D        | HP: 1/89 [komodo dragon (8)]
  2485 | D        | Noticed Gastronok
  2506 | D        | Killed Gastronok
  2686 | D        | Noticed Maurice
  2692 | D        | Noticed Joseph
  2715 | D        | Killed Joseph
  2723 | D        | Killed Maurice
  2791 | D        | Noticed an orc knight
  2812 | D        | Killed an orc knight
  2879 | D        | Bought a +4 heavy great sword for 505 gold pieces
  2880 | D        | Noticed an orc knight
  2880 | D        | Noticed an orc knight
  2887 | D        | Reached XP level 12. HP: 88/99 MP: 0/0
  2954 | D        | Reached skill level 10 in Shields
  3267 | D        | Found Ystaxatt's Assorted Antiques.
  3269 | D        | Noticed a sixfirhy
  3283 | D        | Noticed a sun demon
  3285 | D        | Reached skill level 15 in Fighting
  3287 | D        | Paralysed by an orc sorcerer for 5 turns
  3307 | D        | Noticed a sixfirhy
  3311 | D        | Found Boss's Assorted Antiques.
  3313 | D        | Found Zehojem's Magic Scroll Emporium.
  3313 | D        | Found Wecvi's Weapon Shoppe.
  3333 | D        | Noticed a sun demon
  3428 | D        | Noticed a soul eater
  3613 | D        | Bought a scroll of enchant weapon for 217 gold pieces
  3613 | D        | Bought a brass wand for 116 gold pieces
  3613 | D        | Bought a sedimented orange potion for 26 gold pieces
  3613 | D        | Bought a cyan potion for 26 gold pieces
  3615 | D        | Bought a short ivory wand for 124 gold pieces
  3615 | D        | Bought an ivory great sword for 356 gold pieces
  3615 | D        | Identified the +1 great sword of Upheaval {speed, rN+
                  | Int+3} (You bought it in a shop in the Dungeon)
  3615 | D        | Bought a scroll of enchant weapon for 232 gold pieces
  3615 | D        | Bought a silver ring for 155 gold pieces
  3615 | D        | Bought a scroll of identify for 62 gold pieces
  3617 | D        | Bought a scroll of revelation for 97 gold pieces
  3617 | D        | Bought a scroll of enchant armour for 97 gold pieces
  3617 | D        | Bought a scroll of revelation for 97 gold pieces
  3617 | D        | Bought a scroll of acquirement for 676 gold pieces
  3619 | D        | Bought 3 atropa-tipped darts for 27 gold pieces
  3619 | D        | Bought 4 javelins for 120 gold pieces
  3825 | D        | Acquired the ring of Jeapry {Fly EV+5 Dex+4}
  3965 | D        | Noticed Psyche
  3975 | D        | Killed Psyche
  4030 | D        | Found the +7 Spriggan's Knife {stab, EV+4 Stlth+}
  4058 | D        | Got the +1 robe "Foidwaf" {Rampage rC+++ MP-9 Stlth-}
  4162 | D        | Noticed a six-headed hydra
  4172 | D        | Noticed a vampire mage
  4177 | D        | Noticed a lich
  4199 | D        | Killed a lich
  4200 | D        | Reached skill level 1 in Stealth
  4200 | D        | Reached XP level 13. HP: 65/111 MP: 0/0
  4200 | D        | Learned a level 5 spell: Silence
  4205 | D        | Killed a one-headed hydra
  4206 | D        | Reached skill level 10 in Armour
  4446 | D        | Noticed Agnes
  4464 | D        | Killed Agnes
  4811 | D        | Noticed an entropy weaver
  4816 | D        | Noticed an entropy weaver
  5298 | D        | Killed an entropy weaver
  5299 | D        | Reached skill level 15 in Dodging
  5304 | D        | Killed an entropy weaver
  5407 | D        | Noticed a merfolk avatar
  5444 | D        | Reached XP level 14. HP: 98/121 MP: 0/0
  5447 | D        | Reached skill level 15 in Shields
  5489 | D        | Noticed a bunyip
  5489 | D        | Noticed a bunyip
  5504 | D        | Killed a bunyip
  5530 | D        | Noticed a bunyip
  5536 | D        | Killed a bunyip
  5550 | D        | Killed a bunyip
  5557 | D        | HP: 2/124 [something (7)]
  5558 | D        | Engulfed by a cloud of spectral mist

Illustrated notes

Levels and vault maps discovered:
D:        linesprint [early_d, line_temple, items_1, d_10, items_2, lair_1,
          lair_end, items_3, orc_1, orc_end, items_4, d_15, swamp_1, shoals_1,
          snake_1, spider_1, d_20, vaults_1, items_5, swamp_end, shoals_end,
          snake_end, spider_end, vaults_end, d_27, items_6, zot_1, zot_end,
          crypt_end, forest_end, elf_end, slime_end, tomb_end, abyss_end,
          pan_hell_end]

Skill      XL: |  1  2  3  4  5  6  7  8  9 10 11 12 13 14 |
---------------+-------------------------------------------+-----
Long Blades    | 4 6 7 8 10 12 13 15 16 18 19 | 19.2
Dodging        | 5 6 8 9 10 11 12 13 14 15 | 15.6
Throwing       | 2 3 4 |  4.0
Fighting       | 3 4 5 6 8 9 11 13 16 18 19 | 19.9
Armour         | 1 2 3 4 6 7 8 9 11 | 11.7
Shields        | 2 5 9 12 14 16 | 16.0
Stealth        | 1 3 |  3.9

Action                     |  1- 3 |  4- 6 |  7- 9 | 10-12 | 13-15 || total
---------------------------+-------+-------+-------+-------+-------++-------
  Melee: Long sword        |    31 |     9 |       |       |       ||    40
         Punch             |     1 |       |     3 |       |       ||     4
         Scimitar          |       |     8 |    96 |   439 |   314 ||   857
  Throw: Throwing net      |       |       |       |     4 |     1 ||     5
 Invoke: Potion Petition   |       |       |     1 |     6 |     1 ||     8
         Call Merchant     |       |       |       |     1 |       ||     1
    Use: Potion            |     2 |       |     4 |     5 |     1 ||    12
         Scroll            |       |       |       |    10 |     1 ||    11
   Stab: Invisible         |       |       |    11 |     6 |       ||    17
         Confused          |       |       |     2 |       |       ||     2
         Distracted        |       |       |       |     2 |     3 ||     5
 Armour: Leather armour    |    22 |       |       |       |       ||    22
         Ring mail         |       |     4 |    47 |   130 |       ||   181
         Skin              |       |       |       |    10 |       ||    10
         Scale mail        |       |       |       |     9 |   133 ||   142
  Dodge: Dodged            |    31 |     9 |    35 |   138 |   180 ||   393
  Block: Kite shield       |       |       |     4 |   160 |   194 ||   358

Table legend: (Time is in decaauts)
 A = Elapsed time spent in this place.
 B = Non-inter-level travel time spent in this place.
 C = Inter-level travel time spent in this place.
 D = Time resting spent in this place.
 E = Time spent auto-exploring this place.
 F = Levels seen in this place.
 G = Mean time per level.
                   A        B        C        D        E       F      G
               +--------+--------+--------+--------+--------+-----+--------+
         Total |   5345 |   5345 |      0 |   3461 |      0 |   1 | 5345.0 |
       Dungeon |   5345 |   5345 |      0 |   3461 |      0 |   1 | 5345.0 |
               +--------+--------+--------+--------+--------+-----+--------+

Top non-repeatable levels by time:
       D: 5345 daAuts
